 Dungeon Crawl Stone Soup version 0.25-a0-700-g7f8a7979f0 (webtiles) character file.

Game seed: 2276123683749442228, levelgen mode: deterministic

7455 kae the Martial Artist (level 10, -1/96 HPs)
             Began as a Grey Draconian Transmuter on Apr 2, 2020.
             Was a High Priest of Uskayaw.
             Slain by a manticore (8 damage)
             ... on level 11 of the Dungeon.
             The game lasted 00:12:45 (11826 turns).

kae the Martial Artist (Grey Draconian Transmuter) Turns: 11826, Time: 00:12:46

Health: -1/96      AC:  6    Str: 12    XL:     10   Next: 94%
Magic:  0/29       EV: 11    Int: 17    God:    Uskayaw [*****.]
Gold:   4705       SH:  0    Dex: 12    Spells: 8/23 levels left

rFire    x . .     SeeInvis .     - Unarmed
rCold    + + +     Gourm    .   (shield currently unavailable)
rNeg     . . .     Faith    .   (armour unavailable)
rPois    +         Spirit   +   (helmet currently unavailable)
rElec    .         Reflect  .   (cloak currently unavailable)
rCorr    .         Harm     .   (gloves currently unavailable)
MR       .....                  (boots currently unavailable)
Stlth    +.........             o - amulet of guardian spirit
HPRegen  0.26/turn              k - ring of magical power
MPRegen  0.21/turn              (no ring)

@: ice-form, barbed spikes
A: large, (walk through water), unfitting armour, AC +12
a: End Transformation, Stomp, Line Pass, Grand Finale, Renounce Religion


You were on level 11 of the Dungeon.
You worshipped Uskayaw.
Uskayaw was noncommittal.
You were not hungry.
You were a creature of crystalline ice.
You visited 2 branches of the dungeon, and saw 12 of its levels.
You also visited: Sewer.

You collected 4705 gold pieces.

Inventory:

Missiles
 a - 237 arrows
Armour
 b - a +0 pair of gloves (melded)
 m - a +0 hat (melded)
 s - a cursed +1 cloak (melded)
Jewellery
 d - a cursed ring of teleportation
 k - a ring of magical power (left front paw)
 o - an amulet of guardian spirit (around neck)
 t - an uncursed amulet of the acrobat
Wands
 i - a wand of paralysis (9)
 q - a wand of iceblast (10)
 x - a wand of flame (19)
 y - a wand of random effects (17)
 z - a wand of polymorph (6)
Scrolls
 e - 5 scrolls of teleportation
 f - 5 scrolls of remove curse
 g - 2 scrolls of amnesia
 j - a scroll of enchant weapon
 n - 2 scrolls of fear
Potions
 l - 2 potions of flight
 r - a potion of ambrosia
 u - 3 potions of brilliance
 v - a potion of mutation
 w - a potion of haste
Comestibles
 c - 16 rations


   Skills:
 - Level 4.9 Fighting
 - Level 4.4 Dodging
 * Level 10.2 Unarmed Combat
 + Level 7.2 Spellcasting
 + Level 7.9 Transmutations
 + Level 6.2 Invocations


You had 8 spell levels left.
You knew the following spells:

 Your Spells              Type           Power        Failure   Level  Hunger
a - Beastly Appendage     Tmut           ####..       1%          1    None
b - Sticks to Snakes      Tmut           ####....     1%          2    None
c - Spider Form           Tmut/Pois      ###.......   7%          3    ##.....
d - Ice Form              Ice/Tmut       ###.....     22%         4    ####...
e - Blade Hands           Tmut           ####......   12%         5    #####..

Your spell library contained the following spells:

 Spells                   Type           Power        Failure   Level  Hunger
 Passwall                 Tmut/Erth      ###.....     3%          2    None
 Sandblast                Erth           #.....       12%         1    None
 Petrify                  Tmut/Erth      ###.....     22%         4    ####...
 Stone Arrow              Conj/Erth      #.....       34%         3    ##.....
 Lee's Rapid Deconstruct  Erth           #.........   97%         5    #####..


Dungeon Overview and Level Annotations

Branches:
Dungeon (11/15)            Temple (1/1) D:4            Lair (0/6) D:8
  Sewer (visited)
    Orc: D:9-12

Altars:
Ashenzari
Cheibriados
Dithmenos
Elyvilon
Fedhas
Gozag
Hepliaklqana
Kikubaaqudgha
Makhleb
Nemelex Xobeh
Okawaru
Qazlal
Ru
Sif Muna
Trog
Uskayaw
Vehumet
Wu Jian
Xom
Yredelemnul
Zin
The Shining One

Shops:
D:7 =

Annotations:
D:9 3 runed translucent doors, Rotter5's ghost, novice DrCj


Innate Abilities, Weirdness & Mutations

((You can walk through water.))
((Your dull iron-grey scales are very hard. (AC +12)))
You cannot fit into any form of body armour.
((You can survive without breathing.))
((You are cold-blooded and may be slowed by cold attacks.))


Message History

* * * LOW HITPOINT WARNING * * *
You punch the manticore! You freeze the manticore.
The manticore is heavily wounded.
The manticore bites you but does no damage.
The manticore claws you.
* * * LOW HITPOINT WARNING * * *
The manticore barely misses you.
You feel better. The manticore bites you!
* * * LOW HITPOINT WARNING * * *
The manticore barely misses you.
The manticore claws you but does no damage.
You hit the manticore. You freeze the manticore.
The manticore is heavily wounded.
The manticore bites you!
* * * LOW HITPOINT WARNING * * *
The manticore closely misses you. x2
You punch the manticore! You freeze the manticore.
The manticore is severely wounded.
The manticore bites you!
You die...

.......#
#.#........
#####..#
#.#########
#..# #.# #..#
#.###### #..#
#......# #..#
######.# #..#
#####†# . ..#
#...††####....
#.#...Y...#
#....H.^....
#...........
#...........
#...........
...!.......#
...........##
#.#.##.######


You could see a manticore.

Vanquished Creatures
  An unseen horror (D:10)
  An ugly thing (D:11)
  A cyclops (D:8)
  A gargoyle (D:10)
  A hornet (D:11)
  A hippogriff (D:11)
  4 yaks (D:11)
  2 wyverns (D:10)
  A hungry ghost (D:11)
  4 orc warriors
  4 ice beasts
  A phantom (D:9)
  2 sky beasts
  An eye of draining (D:10)
  A black bear (D:11)
  7 centaurs
  4 ogres
  4 big kobolds
  A bullfrog (D:9)
  A wyvern zombie (D:10)
  2 wyvern skeletons
  A scorpion (D:11)
  4 killer bees (D:10)
  4 howler monkeys
  5 crimson imps
  A bullfrog zombie (D:10)
  2 centaur zombies
  A jelly (D:9)
  A bullfrog skeleton (D:4)
  Crazy Yiuf (D:2)
  2 centaur skeletons
  7 orc priests
  2 hounds
  10 orc wizards
  3 iguanas
  5 worker ants
  A hound skeleton (D:7)
  A howler monkey zombie (D:10)
  A worker ant zombie (D:10)
  13 adders
  7 gnolls
  An ooze (D:3)
  An adder skeleton (D:4)
  2 worms
  A leopard gecko (D:7)
  29 orcs
  2 bats (D:3)
  7 goblins
  4 hobgoblins
  27 jackals
  19 kobolds
  2 quokkas
  3 ball pythons
  A ball python zombie (D:6)
  5 frilled lizards
  A leopard gecko skeleton (D:6)
  12 rats
234 creatures vanquished.

Vanquished Creatures (collateral kills)
  An orc wizard (D:3)
1 creature vanquished.

Vanquished Creatures (others)
  A bat (D:3)
  4 plants (D:9)
5 creatures vanquished.

Grand Total: 240 creatures vanquished

Notes
Turn   | Place    | Note
-------+----------+-------------------------------------------
     0 | D:1      | kae the Draconian Transmuter began the quest for the Orb.
     0 | D:1      | Reached XP level 1. HP: 16/16 MP: 3/3
   337 | D:1      | Reached XP level 2. HP: 18/23 MP: 3/5
   352 | D:1      | Learned a level 2 spell: Sticks to Snakes
   814 | D:2      | Found a runed translucent door.
   815 | D:2      | Noticed Crazy Yiuf
  1024 | D:2      | Found a sacrificial altar of Ru.
  1179 | D:2      | Reached XP level 3. HP: 21/29 MP: 6/6
  1461 | D:2      | Learned a level 3 spell: Spider Form
  1472 | D:2      | Killed Crazy Yiuf
  1873 | D:3      | Reached XP level 4. HP: 30/36 MP: 3/7
  2217 | D:3      | Found a stormy altar of Qazlal.
  2713 | D:3      | Reached XP level 5. HP: 37/42 MP: 7/9
  3459 | D:4      | Reached skill level 4 in Unarmed Combat
  3459 | D:4      | Reached XP level 6. HP: 51/51 MP: 6/10
  3652 | D:4      | Found a staircase to the Ecumenical Temple.
  3668 | Temple   | Entered the Ecumenical Temple
  3840 | Temple   | Became a worshipper of Uskayaw the Reveler
  4001 | D:4      | Reached * piety under Uskayaw
  4104 | D:5      | Entered Level 5 of the Dungeon
  4155 | D:5      | Found a glowing drain.
  4220 | Sewer    | Entered a sewer
  4233 | Sewer    | Reached ** piety under Uskayaw
  4339 | Sewer    | Found a white marble altar of Elyvilon.
  4556 | D:5      | Found a burning altar of Makhleb.
  4556 | D:5      | Found an ornate altar of the Wu Jian Council.
  4679 | D:5      | Reached *** piety under Uskayaw
  4858 | D:5      | Found a hide-covered altar of Uskayaw.
  4872 | D:5      | Your scales start taking on a dull iron-grey colour.
  4872 | D:5      | Reached XP level 7. HP: 30/58 MP: 12/12
  4872 | D:5      | Gained mutation: You can survive without breathing. [Grey
                  | Draconian growth]
  5321 | D:6      | Reached **** piety under Uskayaw
  5874 | D:6      | Reached skill level 5 in Unarmed Combat
  5877 | D:6      | Reached ***** piety under Uskayaw
  5937 | D:6      | Reached XP level 8. HP: 67/67 MP: 12/14
  6696 | D:7      | Reached skill level 5 in Transmutations
  6783 | D:7      | Reached skill level 6 in Unarmed Combat
  7107 | D:7      | Reached skill level 5 in Spellcasting
  7107 | D:7      | Reached skill level 1 in Invocations
  7130 | D:7      | Found Ficruuxe's Jewellery Emporium.
  7384 | D:7      | Reached XP level 9. HP: 55/73 MP: 16/16
  7590 | D:8      | Found a staircase to the Lair.
  7719 | D:8      | Learned a level 4 spell: Ice Form
  7764 | D:8      | Reached skill level 7 in Unarmed Combat
  7768 | D:8      | Noticed a cyclops
  8124 | D:8      | Found a white marble altar of Elyvilon.
  8281 | D:8      | Learned a level 5 spell: Blade Hands
  8292 | D:8      | Killed a cyclops
  8699 | D:9      | Found a runed translucent gate.
  8699 | D:9      | Found a runed translucent gate.
  8699 | D:9      | Found a runed translucent gate.
  8814 | D:9      | Noticed an 11-headed hydra
  8816 | D:9      | Noticed Rotter5's ghost (novice DrCj)
  8881 | D:9      | Reached skill level 8 in Unarmed Combat
  9595 | D:10     | Entered Level 10 of the Dungeon
  9835 | D:10     | Reached XP level 10. HP: 61/80 MP: 19/19
  9936 | D:10     | Killed an unseen horror
 10434 | D:10     | Reached skill level 9 in Unarmed Combat
 10552 | D:10     | Noticed a gargoyle
 10564 | D:10     | Killed a gargoyle
 10564 | D:10     | Reached skill level 5 in Invocations
 11225 | D:10     | Identified 4 scrolls of acquirement
 11225 | D:10     | Identified the ring "Jeskiur" {+Fly Str-3 Dex+5 SInv} (You
                  | acquired it on level 10 of the Dungeon)
 11228 | D:10     | Identified Onaust's Easy Thaumaturgy (You acquired it on
                  | level 10 of the Dungeon)
 11228 | D:10     | Identified the +10 arbalest of the Endless Expanse {vorpal,
                  | SInv} (You acquired it on level 10 of the Dungeon)
 11230 | D:10     | Identified the Grimoire of Conjuration (You acquired it on
                  | level 10 of the Dungeon)
 11232 | D:10     | Identified the ring of Siarph {+Fly rN+} (You acquired it
                  | on level 10 of the Dungeon)
 11378 | D:11     | Paralysed by a hornet for 2 turns
 11674 | D:11     | Noticed a cyan ugly thing
 11680 | D:11     | Killed a cyan ugly thing
 11812 | D:11     | Reached skill level 10 in Unarmed Combat
 11813 | D:11     | Noticed a manticore
 11826 | D:11     | Slain by a manticore

Levels and vault maps discovered:
D:1:      dpeg_arrival_boxorama, layout_basic, roderic_serpentine_path,
          serial_park_tiny_1
D:2:      layout_loops_ring, nicolae_ru_awakened_eye, uniq_crazy_yiuf_cottage
D:3:      wander_river, layout_basic, lemuel_altar_in_water
D:4:      layout_loops_ring, minmay_temple_entry_proselytizer, first_ration
D:5:      layout_gridville, gammafunk_temple_overflow_statue,
          cheibrodos_sewer_entry_drain, basic_altar
D:6:      layout_loops_ring, minmay_tree_intersection
D:7:      layout_loops_ring, serial_shops, nicolae_shop_behind_doors
D:8:      layout_gridville, dpeg_oklobed_lair, basic_altar
D:9:      layout_gridville, gammafunk_ghost_hydra_chop
D:10:     layout_cave_pods
D:11:     layout_loops_ring
Temple:   regret_index_temple_chain_breaker

Skill      XL: |  1  2  3  4  5  6  7  8  9 10 |
---------------+-------------------------------+-----
Dodging        | 2 3 4 |  4.4
Fighting       | 2 3 4 |  4.9
Transmutations | 3 4 5 6 7 |  7.9
Spellcasting   | 3 4 5 6 7 |  7.2
Unarmed Combat | 4 5 6 8 10 | 10.2
Invocations    | 1 4 6 |  6.2

Action                   |  1- 3 |  4- 6 |  7- 9 | 10-12 || total
-------------------------+-------+-------+-------+-------++-------
Melee: Unarmed           |    95 |   263 |   404 |   149 ||   911
       Tailslap          |     8 |    12 |    23 |     5 ||    48
       Headbutt          |     2 |       |       |       ||     2
       Kick              |       |     3 |       |       ||     3
       Punch             |       |     2 |       |     2 ||     4
 Cast: Beastly Appendage |     9 |     2 |       |       ||    11
       Spider Form       |     3 |    21 |    33 |     5 ||    62
       Sticks to Snakes  |       |     5 |       |       ||     5
       Ice Form          |       |       |     7 |     7 ||    14
       Blade Hands       |       |       |     2 |     2 ||     4
Invok: Stomp             |       |       |     1 |     1 ||     2
  Use: Scroll            |     5 |     4 |     9 |     7 ||    25
       Potion            |       |       |     6 |     5 ||    11
 Stab: Distracted        |     1 |       |       |       ||     1
       Paralysed         |       |     1 |    15 |    11 ||    27
  Eat: Chunk             |     2 |    13 |    17 |     5 ||    37
       Ration            |       |     1 |     1 |     2 ||     4
Armor: Skin              |    18 |    67 |    94 |    52 ||   231
Dodge: Dodged            |    73 |   260 |   302 |    95 ||   730

Table legend:
 A = Non-vault XP
 B = Vault XP
 C = Vault XP percentage of total XP
 D = Non-vault monster count
 E = Vault monster count
 F = Vault count percentage of total count
                 A         B        C        D         E       F
            +---------+---------+-------+---------+---------+-------
      Total |   10452 |     199 |   1.9 |     220 |      15 |   6.4
            +---------+---------+-------+---------+---------+-------
        D:1 |      15 |       0 |   0.0 |       9 |       0 |   0.0
        D:2 |      32 |      42 |  56.8 |      10 |       1 |   9.1
        D:3 |     167 |       0 |   0.0 |      37 |       0 |   0.0
        D:4 |     218 |      41 |  15.8 |      14 |       1 |   6.7
        D:5 |     183 |       5 |   2.7 |       8 |       3 |  27.3
        D:6 |     806 |       0 |   0.0 |      28 |       0 |   0.0
        D:7 |    1217 |       0 |   0.0 |      26 |       0 |   0.0
        D:8 |    1170 |       0 |   0.0 |      14 |       0 |   0.0
        D:9 |     798 |       0 |   0.0 |      13 |       0 |   0.0
       D:10 |    2828 |       0 |   0.0 |      31 |       0 |   0.0
       D:11 |    3018 |       0 |   0.0 |      30 |       0 |   0.0
      Sewer |       0 |     111 | 100.0 |       0 |      10 | 100.0
            +---------+---------+-------+---------+---------+-------
